Map: Ulrena

Players

Nerchio - Winner!

  • Race: Zerg Zerg
  • League: Grandmaster

Jona

  • Race: Zerg Zerg
  • League: Master

Event: NationWars III

VOD

Have the link to the VOD?

Description

Time

  • Played on: Jan. 2, 2016, 12:51 p.m.
  • Length: 5:14
Show
View Real Time Build Order
Export as new Build Order

Nerchio Zerg - Winner!

Build Orders: Pool Only 

Get SALT Encoding   

  12  0:00  Drone  
  13  0:08  Drone  
  14  0:14  Extractor  
  14  0:15  Drone  
  14  0:32  Spawning Pool  
  13  0:36  Drone  
  13  0:42  Extractor  
  13  0:43  Drone  
  15  0:50  Overlord  
  15  1:19  Queen, Zergling x6  
  20  1:30  Zergling x2  
  21  1:39  Metabolic Boost  
  21  1:40  Overlord  
  21  1:51  Drone  
  22  2:03  Drone  
  22  2:05  Roach Warren  
  22  2:15  Drone  
  23  2:24  Overlord  
  23  2:45  Roach x3, Queen  
  31  2:56  Roach  
  37  2:58  Roach x2  
  37  3:06  Overlord  
  37  3:09  Zergling x2  
  38  3:25  Zergling x2  
  38  3:27  Zergling x2  
  40  3:38  Roach  
  40  3:39  Zergling x2  
  40  3:40  Zergling x4  
  44  3:52  Zergling x2  
  44  3:57  Ravager  
  44  4:00  Overlord  
  45  4:14  Overlord  
  45  4:21  Roach  
  43  4:25  Roach x2  
  43  4:27  Roach  
  46  4:31  Roach  
  46  4:34  Roach  
  44  4:45  Roach  
  42  4:48  Ravager  
Show
View Real Time Build Order
Export as new Build Order

Jona Zerg 

Build Orders: Pool First 

Get SALT Encoding   

  12  0:01  Drone  
  13  0:11  Drone  
  14  0:19  Extractor  
  14  0:20  Drone  
  14  0:32  Spawning Pool  
  13  0:36  Drone  
  13  0:42  Extractor  
  13  0:43  Drone  
  15  0:50  Overlord  
  15  1:09  Drone  
  16  1:19  Zergling x2, Queen  
  16  1:21  Metabolic Boost  
  19  1:26  Zergling x2  
  19  1:32  Zergling x2  
  21  1:35  Zergling x2  
  22  1:44  Baneling Nest  
  21  1:48  Zergling x2  
  22  2:15  Hatchery  
  20  2:19  Overlord  
  20  2:25  Drone  
  20  2:28  Baneling  
  20  2:29  Baneling  
  21  2:30  Baneling  
  21  2:39  Drone x2  
  21  2:43  Zergling x2  
  24  2:46  Drone  
  25  2:53  Drone  
  26  2:59  Overlord  
  26  3:08  Queen  
  28  3:16  Drone  
  29  3:20  Drone x2  
  29  3:27  Spine Crawler  
  30  3:29  Zergling x2  
  30  3:33  Zergling x2  
  32  3:45  Zergling x6  
  33  3:52  Zergling x6  
  28  3:58  Zergling x2  
  28  4:01  Zergling x2  
  30  4:09  Zergling x2  
  32  4:10  Zergling x4  
  32  4:14  Zergling x2  
  33  4:19  Zergling x2  
  30  4:24  Zergling x2  
  28  4:31  Zergling x2  
  28  4:32  Zergling x4  
  30  4:40  Zergling x2  
Tags
 
Add a new tag
Caveats
  • Supply blocks, unpowered buildings, or Contaminate may cause inaccurate times.
  • Supply counts are checked every 10 seconds.